 Dungeon Crawl Stone Soup version 0.30-a0-723-gc1506a1cf0 (webtiles) character file.

Game seed: 16832731706366168101

350 Laraso the Cudgeller (level 6, -1/37 HPs)
             Began as a Gargoyle Fighter on Jan 29, 2023.
             Slain by a gnoll bouda
             ... wielding a +0 club
              (6 damage)
             ... on level 5 of the Dungeon.
             The game lasted 00:03:33 (2783 turns).

Laraso the Cudgeller (Gargoyle Fighter)             Turns: 2783, Time: 00:03:34

Health: -1/37      AC: 15    Str: 20    XL:     6   Next: 61%
Magic:  6/6        EV:  5    Int:  8    God:
Gold:   157        SH:  4    Dex: 11    Spells: 5/5 levels left

rFire   . . .      SeeInvis .    a - +1 flail
rCold   . . .      Faith    .    c - +0 buckler
rNeg    + . .      Spirit   .    n - +0 plate armour
rPois   ∞          Reflect  .    (no helmet)
rElec   +          Harm     .    (no cloak)
rCorr   .          Rampage  .    (no gloves)
Will    .....                    (no boots) Stlth
                                 (no amulet)
HPRegen 0.26/turn                (no ring)
MPRegen 0.10/turn                (no ring)

@: about to teleport
A: sickness immunity, AC +4, negative energy resistance 1, electricity
resistance, torment resistance 1, petrification resistance
a: no special abilities


You were on level 5 of the Dungeon.
You visited 1 branch of the dungeon, and saw 5 of its levels.

You collected 157 gold pieces.

Inventory:

Hand Weapons
 a - a +1 flail (weapon)
Armour
 c - a +0 buckler (worn)
 n - a +0 plate armour (worn)
Jewellery
 f - a ring of resist corrosion
Scrolls
 p - a scroll of magic mapping
Potions
 b - a potion of resistance {unknown}
 d - 2 potions of might
 e - 3 potions of flight
 g - a potion of invisibility {unknown}
 h - a potion of curing
 i - a potion of magic {unknown}
 j - a potion of ambrosia {unknown}
 k - 2 potions of haste {unknown}
 l - 3 potions of lignification {unknown}
 m - a potion of heal wounds {unknown}
 o - a potion of attraction {unknown}


   Skills:
 - Level 3.2 Fighting
 * Level 6.8 Maces & Flails
 - Level 3.2 Armour
 - Level 3.2 Shields


You had 5 spell levels left.
You didn't know any spells.
Your spell library was empty.

Dungeon Overview and Level Annotations

Branches:
Dungeon (5/15)
 Temple: D:4-7

Altars:


Innate Abilities, Weirdness & Mutations

You are immune to sickness and miasma.
Your stone body is resilient. (AC +4)
You are immune to poison.
You resist negative energy. (rN+)
You are resistant to electric shocks. (rElec)
You are resistant to unholy torment.
You are immune to petrification.


Message History

q - a scroll of teleportation
Found a whip.
A gnoll bouda and 2 gnolls come into view.
The gnoll bouda shouts!
The gnoll shouts! x2
A gnoll comes into view. It is wielding a +0 halberd.
The gnoll bouda moves out of view.
The gnoll shouts!
You closely miss the gnoll. The gnoll hits you but does no damage.
The gnoll bouda barks out a call to the hunt!
The gnolls pick up the pace!
The gnoll hits you from afar with a +0 halberd.
You hit the gnoll.
The gnoll is moderately wounded.
The gnoll hits you but does no damage.
You barely miss the gnoll.
The gnoll is moderately wounded.
The gnoll hits you with a +0 flail.
The gnoll bouda hits you with a +0 club.
The gnoll hits you from afar with a +0 halberd!
You hit the gnoll.
The gnoll is severely wounded.
The gnoll hits you with a +0 flail!
* * * LOW HITPOINT WARNING * * *
The gnoll barely misses you. You block the gnoll's attack.
The gnoll attacks as you move away! The gnoll barely misses you.
The gnoll hits you but does no damage. The gnoll attacks as you move away!
The gnoll hits you with a +0 flail.
* * * LOW HITPOINT WARNING * * *
As you read the scroll of teleportation, it crumbles to dust.
You feel strangely unstable. The gnoll barely misses you.
The gnoll hits you from afar with a +0 halberd.
* * * LOW HITPOINT WARNING * * *
Okay, then.
You hit the gnoll.
You kill the gnoll!
The gnoll hits you but does no damage.
You thump the gnoll bouda!
The gnoll bouda is heavily wounded.
The gnoll bouda hits you with a +0 club.
You die...

.............# #.#
.............# #.#
.............# #.##
.............## #..########
..............# ##.<......#
..............# ##.......#
..............# #......[#
.............#### #.......#
............@gg####.......#
...)......###g...........#
.........# #..###.......#
......... .g## #.......#
....... ..## .......##.
....... #. ....... .. .#


You could see a gnoll bouda and 2 gnolls.

Vanquished Creatures
  A phantom (D:4)
  A scorpion (D:4)
  2 hounds (D:4)
  An orc wizard (D:4)
  A gnoll (D:5)
  4 adders
  An ufetubus (D:3)
  2 dart slugs
  8 orcs
  5 ball pythons
  8 endoplasms
  3 giant cockroaches
  2 goblins (D:2)
  4 hobgoblins
  6 jackals
  A quokka (D:1)
  8 bats
  A frilled lizard (D:1)
  8 kobolds
  5 rats
72 creatures vanquished.

Notes
Turn   | Place    | Note
-------+----------+-------------------------------------------
     0 | D:1      | Laraso the Gargoyle Fighter began the quest for the Orb.
     0 | D:1      | Reached XP level 1. HP: 14/14 MP: 1/1
   141 | D:1      | Reached XP level 2. HP: 17/19 MP: 2/2
   355 | D:1      | Reached skill level 3 in Maces & Flails
   587 | D:2      | Reached XP level 3. HP: 23/23 MP: 3/3
   904 | D:2      | Reached skill level 4 in Maces & Flails
  1336 | D:3      | Reached XP level 4. HP: 28/28 MP: 4/4
  2038 | D:3      | Reached skill level 5 in Maces & Flails
  2041 | D:3      | Reached XP level 5. HP: 10/32 MP: 5/5
  2261 | D:4      | Noticed a phantom
  2276 | D:4      | Killed a phantom
  2277 | D:4      | Reached skill level 6 in Maces & Flails
  2277 | D:4      | Reached XP level 6. HP: 31/37 MP: 6/6
  2725 | D:5      | Entered Level 5 of the Dungeon
  2783 | D:5      | Slain by a gnoll bouda

Illustrated notes

Levels and vault maps discovered:
D:1:      nicolae_arrival_somewhat_less_tricky_arrival, layout_rooms
D:2:      layout_rooms, chequers_serial_rivers_room_b
D:3:      layout_basic, grunt_ministairs_1, chequers_serial_rivers_room_b
D:4:      layout_cave_pools
D:5:      minmay_angry_zag, layout_rooms, minitemple, serial_shops,
          nicolae_lakefront_shop, hangedman_decor_push, wad_floor_pattern_1,
          grunt_ministairs_10

Skill      XL: |  1  2  3  4  5 |
---------------+----------------+-----
Maces & Flails | 3 4 5 6 |  6.8
Fighting       | |  3.2
Armour         | |  3.2
Shields        | |  3.2

Action                     |  1- 3 |  4- 6 || total
---------------------------+-------+-------++-------
  Melee: Flail             |   107 |   137 ||   244
    Use: Scroll            |     6 |     5 ||    11
         Potion            |       |     2 ||     2
 Armour: Scale mail        |    52 |    23 ||    75
         Plate armour      |       |   132 ||   132
  Dodge: Dodged            |    64 |    55 ||   119
  Block: Buckler           |    25 |    45 ||    70

Table legend: (Time is in decaauts)
 A = Elapsed time spent in this place.
 B = Non-inter-level travel time spent in this place.
 C = Inter-level travel time spent in this place.
 D = Time resting spent in this place.
 E = Time spent auto-exploring this place.
 F = Levels seen in this place.
 G = Mean time per level.
                   A        B        C        D        E       F      G
               +--------+--------+--------+--------+--------+-----+--------+
         Total |   2839 |   2698 |    141 |    156 |   1995 |   5 |  567.8 |
       Dungeon |   2839 |   2698 |    141 |    156 |   1995 |   5 |  567.8 |
               +--------+--------+--------+--------+--------+-----+--------+

Top non-repeatable levels by time:
     D:3: 1041 daAuts
     D:4: 619 daAuts
     D:1: 585 daAuts
     D:2: 534 daAuts
     D:5: 58 daAuts
